 Dungeon Crawl Stone Soup version 0.29.1-15-g9cfb28693d (webtiles) character file.

Game seed: 3412948433626484432

386 Smoke131 the Trooper (level 6, -3/67 HPs)
             Began as an Ogre Gladiator on Apr 21, 2023.
             Slain by an iguana (10 damage)
             ... on level 3 of the Dungeon.
             The game lasted 00:08:28 (4088 turns).

Smoke131 the Trooper (Ogre Gladiator)               Turns: 4088, Time: 00:08:28

Health: -3/67      AC:  4    Str: 21    XL:     6   Next: 78%
Magic:  0/6        EV: 10    Int:  9    God:
Gold:   109        SH:  0    Dex: 10    Spells: 5/5 levels left

rFire   . . .      SeeInvis .   a - +1 flail (flame)
rCold   . . .      Faith    .   (no shield)
rNeg    . . .      Spirit   +   b - +0 robe
rPois   .          Reflect  .   c - +1 hat
rElec   .          Harm     .   (no cloak)
rCorr   .          Rampage  .   (gloves unavailable)
Will    .....                   (boots unavailable)
Stlth   +.........              t - amulet of guardian spirit
HPRegen 0.21/turn               (no ring)
MPRegen 0.10/turn               (no ring)

@: about to teleport
A: large, unfitting armour, tough skin 1
a: no special abilities


You were on level 3 of the Dungeon.
You visited 1 branch of the dungeon, and saw 4 of its levels.

You collected 109 gold pieces.

Inventory:

Hand Weapons
 a - a +1 flail of flaming (weapon)
Missiles
 d - 3 throwing nets
 e - 7 large rocks (quivered)
 n - 5 poisoned darts
 v - 6 curare-tipped darts
 x - 2 javelins
Armour
 b - a +0 robe (worn)
 c - a +1 hat (worn)
Jewellery
 t - an amulet of guardian spirit (around neck)
Scrolls
 i - a scroll of magic mapping
 q - a scroll of enchant armour
 s - a scroll of vulnerability
Potions
 g - a potion of heal wounds
 k - a potion of magic
 l - a potion of mutation


   Skills:
 + Level 5.6 Fighting
 + Level 4.3 Maces & Flails
 + Level 4.2 Throwing
 - Level 3.0 Dodging


You had 5 spell levels left.
You didn't know any spells.
Your spell library was empty.

Dungeon Overview and Level Annotations

Branches:
Dungeon (4/15)
 Temple: D:4-7

Altars:
Gozag
Hepliaklqana

Annotations:
D:4 Dowan, Duvessa


Innate Abilities, Weirdness & Mutations

You are too large for most types of armour.
You have tough skin. (AC +1)


Message History

You hit the scorpion. You burn the scorpion.
The scorpion is heavily wounded.
You feel very sick. The scorpion barely misses you.
You hit the scorpion but do no damage.
The scorpion is heavily wounded.
You feel very sick. The scorpion stings you!
You are more poisoned.
The scorpion poisons you! The scorpion stings you.
You thump the scorpion! You burn the scorpion.
You kill the scorpion!
You feel very sick. The hound bites you but does no damage.
You hit the hound but do no damage.
You feel very sick. The hound bites you but does no damage.
The iguana bites you. The iguana attacks as you move away!
The iguana bites you!
You feel sick. The hound closely misses you. The hound bites you.
The iguana attacks as you move away! The iguana bites you.
You feel sick.
You feel sick. The hound bites you.
* * * LOW HITPOINT WARNING * * *
You feel sick.
There is a stone staircase leading up here.
You feel sick. The hound bites you.
* * * LOW HITPOINT WARNING * * *
The iguana barely misses you. The hound bites you.
* * * LOW HITPOINT WARNING * * *
You climb upwards.
You feel sick.
There is a stone staircase leading down here.
You feel better. The hound barely misses you. The iguana bites you.
* * * LOW HITPOINT WARNING * * *
As you read the scroll of teleportation, it crumbles to dust.
You feel strangely unstable. The hound bites you.
* * * LOW HITPOINT WARNING * * *
The iguana bites you.
* * * LOW HITPOINT WARNING * * *
The hound completely misses you. The hound misses you. The iguana bites you!
You die...

#......#.# #.....##
#########........###......##
...........................##
.......###.....##.###.......#####
######.# #.....##.##......÷÷.....
# #.# #.#.####.###.......###.#
######.###.#.# #.# ##.....## #.#
.#(..........####h# ##....# #..
.#.###....)#....@># ##.#.# ##.
.#.###.###[..#.##l########.# #.
..#....###.#.#.##...†..###.# #.
#...##...).#.............#.# #.
#.......#######...####.#.#.# #.
#...#......#....#.# #.....# #.
#####..##..#.#^##.# ##.###.## #.
# #..##..#.#.##.# #)## ##.####. #
#..##....#.##.# #.# #.>....


You could see an iguana and a hound.

Vanquished Creatures
  The ghost of valliere the Conjurer, an amateur DsCj (D:3)
  A phantom (D:3)
  A scorpion (D:4)
  Natasha (thrice) (D:3)
  3 adders (D:3)
  A dart slug (D:3)
  3 orcs (D:3)
  7 endoplasms
  4 giant cockroaches
  10 goblins
  7 hobgoblins
  A quokka (D:1)
  8 ball pythons
  4 bats
  5 frilled lizards
  7 kobolds
  6 rats
72 creatures vanquished.

Notes
Turn   | Place    | Note
-------+----------+-------------------------------------------
     0 | D:1      | Smoke131 the Ogre Gladiator began the quest for the Orb.
     0 | D:1      | Reached XP level 1. HP: 22/22 MP: 1/1
   186 | D:1      | Reached XP level 2. HP: 22/29 MP: 2/2
   305 | D:1      | Reached skill level 3 in Fighting
   732 | D:1      | Reached XP level 3. HP: 36/37 MP: 3/3
   842 | D:1      | Found a faded altar of an unknown god.
  2072 | D:2      | Found a hazy altar of Hepliaklqana.
  2565 | D:3      | Reached XP level 4. HP: 48/48 MP: 4/4
  2721 | D:3      | Noticed Natasha
  2736 | D:3      | Killed Natasha
  2737 | D:3      | Reached skill level 4 in Fighting
  2804 | D:3      | Noticed Natasha
  2814 | D:3      | Killed Natasha
  2818 | D:3      | Noticed Natasha
  2826 | D:3      | Killed Natasha
  2827 | D:3      | Reached XP level 5. HP: 22/55 MP: 5/5
  3269 | D:3      | Noticed a phantom
  3285 | D:3      | Killed a phantom
  3286 | D:3      | Reached skill level 5 in Fighting
  3286 | D:3      | Reached XP level 6. HP: 40/66 MP: 3/6
  3488 | D:3      | Found a runed translucent gate.
  3488 | D:3      | Found a runed translucent gate.
  3489 | D:3      | Found a runed translucent gate.
  3491 | D:3      | Noticed valliere's ghost (amateur DsCj)
  3528 | D:3      | Killed valliere's ghost
  3694 | D:3      | Found an opulent altar of Gozag.
  3928 | D:4      | Noticed Duvessa
  3928 | D:4      | Noticed Dowan
  4088 | D:3      | Slain by an iguana

Illustrated notes

Levels and vault maps discovered:
D:1:      eino_arrival_water_star, layout_basic, chequers_ecumenical_altar_grove
D:2:      layout_basic, basic_altar
D:3:      layout_loops_ring, mainiacjoe_overflow_catwalk,
          ebering_ghost_rock_garden, minmay_close_crescents, uniq_natasha
D:4:      layout_basic, nicolae_tso_carved_into_rock,
          mainiacjoe_overflow_tiny_flanked, corexii_leaking_fountain,
          chequers_serial_rivers_micro_c, interstate_on_off,
          minmay_fractal_squares_5, uniq_duvessa, uniq_sigmund, uniq_grinder

Skill      XL: |  1  2  3  4  5  6 |
---------------+-------------------+-----
Fighting       | 3 4 5 |  5.6
Dodging        | 3 |  3.0
Maces & Flails | 3 4 |  4.3
Throwing       | 3 4 |  4.2

Action                   |  1- 3 |  4- 6 || total
-------------------------+-------+-------++-------
Melee: Flail             |   156 |    99 ||   255
       Punch             |     2 |     1 ||     3
Throw: Dart              |       |     7 ||     7
       Large rock        |       |     4 ||     4
       Throwing net      |       |     1 ||     1
  Use: Scroll            |       |    12 ||    12
       Potion            |       |     3 ||     3
 Stab: Sleeping          |     1 |       ||     1
Armor: Robe              |    54 |    28 ||    82
Dodge: Dodged            |   103 |    47 ||   150
